 Dungeon Crawl Stone Soup version 0.29-a0-222-g5b244fca1f (webtiles) character file.

Game seed: 2616410317658427708

255 jlumianski the Chopper (level 5, -2/39 HPs)
             Began as a Demonspawn Gladiator on Feb 27, 2022.
             Slain by Grinder (4 damage)
             ... on level 4 of the Dungeon.
             The game lasted 00:17:14 (4390 turns).

jlumianski the Chopper (Demonspawn Gladiator)       Turns: 4390, Time: 00:17:16

Health: -2/39      AC:  7    Str: 15    XL:     5   Next: 91%
Magic:  2/7        EV: 12    Int: 11    God:
Gold:   145        SH:  0    Dex: 14    Spells: 5/6 levels left

rFire   . . .      SeeInvis +   a - +0 war axe
rCold   . . .      Faith    .   (no shield)
rNeg    . . .      Spirit   .   b - +1 leather armour
rPois   .          Reflect  .   (helmet restricted)
rElec   .          Harm     .   (no cloak)
rCorr   .          Rampage  .   (no gloves)
Will    .....                   m - +2 pair of boots
Stlth   +.........              (no amulet)
HPRegen 0.13/turn               r - ring of see invisible
MPRegen 0.10/turn               (no ring)

@: no status effects
A: horns 1, demonic guardian 1
a: no special abilities


You were on level 4 of the Dungeon.
You visited 1 branch of the dungeon, and saw 5 of its levels.

You collected 145 gold pieces.

Inventory:

Hand Weapons
 a - a +0 war axe (weapon)
 t - a +0 short sword of flaming
Missiles
 d - 5 throwing nets
 e - 10 poisoned darts (quivered)
 j - 86 stones
 p - 3 silver javelins
 u - 5 javelins
Armour
 b - a +1 leather armour (worn)
 c - a +0 helmet
 k - a +0 ring mail
 m - a +2 pair of boots (worn)
 q - a +0 scale mail
Jewellery
 r - a ring of see invisible (left hand)
Wands
 n - a wand of flame (24)
 w - a wand of polymorph (9)
Scrolls
 h - a scroll of amnesia
 l - 2 scrolls of teleportation
 y - a scroll of acquirement {unknown}
Potions
 f - 3 potions of lignification
 g - 2 potions of heal wounds
 i - a potion of cancellation {unknown}
 o - 3 potions of curing
 s - a potion of invisibility
 v - a potion of haste
 x - a potion of resistance {unknown}


   Skills:
 + Level 2.5 Fighting
 + Level 4.1 Axes
 + Level 1.8 Throwing
 + Level 2.1 Armour
 + Level 3.3 Dodging
 + Level 0.2 Stealth
 + Level 1.4 Spellcasting
 + Level 1.1 Conjurations
 + Level 1.0 Fire Magic


You had 5 spell levels left.
You knew the following spells:

 Your Spells              Type           Power      Damage    Failure   Level
a - Foxfire               Conj/Fire      12%        2x1d4     24%         1

Your spell library contained the following spells:

 Spells                   Type           Power      Damage    Failure   Level
 Animate Skeleton         Necr           0%         N/A       36%         1
 Apportation              Tloc           0%         N/A       36%         1
 Summon Small Mammal      Summ           0%         N/A       36%         1
 Conjure Flame            Conj/Fire      3%         6-21      58%         3
 Inner Flame              Hex/Fire       2%         N/A       67%         3
 Flame Wave               Conj/Fire      3%         2d4       94%         4


Dungeon Overview and Level Annotations

Branches:
Dungeon (5/15)
 Temple: D:4-7

Altars:

Annotations:
D:4 Grinder


Innate Abilities, Weirdness & Mutations

You have a pair of small horns on your head.
A weak demonic guardian rushes to your aid.


Message History

Grinder is heavily wounded.
Grinder hits you but does no damage.
You hit Grinder but do no damage. You headbutt Grinder, but do no damage.
Grinder is heavily wounded.
Grinder closely misses you.
Casting: Foxfire (safe; 24% risk of failure)
Confirm with . or Enter, or press ? or * to list all spells.
You conjure some foxfire!
Grinder closely misses you.
Your magical contamination has completely faded away.
You closely miss Grinder.
Grinder is heavily wounded.
The foxfire hits Grinder.
Grinder is heavily wounded.
The foxfire hits Grinder.
Grinder is heavily wounded.
Grinder blinks!
Grinder gestures at you. You resist with significant effort.
Grinder blinks!
Casting: Foxfire (safe; 24% risk of failure)
Confirm with . or Enter, or press ? or * to list all spells.
You conjure some foxfire!
The foxfire hits Grinder.
Grinder is heavily wounded.
The foxfire hits Grinder but does no damage.
Grinder is heavily wounded.
Unknown command.
Grinder blinks!
Grinder hits you.
You writhe in agony.
You hit Grinder but do no damage.
Grinder is heavily wounded.
Grinder hits you.
You writhe in agony.
You barely miss Grinder. Your headbutt misses Grinder.
Grinder is heavily wounded.
Grinder hits you!
* * * LOW HITPOINT WARNING * * *
A demonic guardian appears!
You writhe in agony.
* * * LOW HITPOINT WARNING * * *
Grinder hits you.
You die...

####..#.#
####....#
#..†.#..#
#...####..####
#.###..).)...#
# #.....÷>...#
...#...))..5.#
####.........#
..........@..#
#####.....5..#
#........#
#........#
#........#
............
.....####.....
...... ......
...... ......


You could see Grinder (ally target) and a friendly quasit (summoned).

Vanquished Creatures
  An orc priest (D:2)
  An orc wizard (D:3)
  4 adders (D:2)
  6 gnolls
  A worm (D:2)
  A dart slug (D:3)
  9 orcs
  7 ball pythons
  4 bats
  7 endoplasms
  2 giant cockroaches
  6 goblins
  4 hobgoblins
  5 jackals (D:2)
  2 quokkas
  6 frilled lizards
  6 kobolds
  4 rats
76 creatures vanquished.

Vanquished Creatures (collateral kills)
  2 gnolls
  An orc (D:2)
3 creatures vanquished.

Vanquished Creatures (others)
  82 foxfires
82 creatures vanquished.

Grand Total: 161 creatures vanquished

Notes
Turn   | Place    | Note
-------+----------+-------------------------------------------
     0 | D:1      | jlumianski the Demonspawn Gladiator began the quest for the
                  | Orb.
     0 | D:1      | Reached XP level 1. HP: 16/16 MP: 1/1
   411 | D:1      | Gained mutation: A weak demonic guardian rushes to your
                  | aid. [demonic ancestry]
   411 | D:1      | Reached XP level 2. HP: 22/22 MP: 2/2
   413 | D:1      | Learned a level 1 spell: Foxfire
   602 | D:1      | Found a faded altar of an unknown god.
  1537 | D:2      | Reached skill level 3 in Axes
  1547 | D:2      | Reached XP level 3. HP: 21/27 MP: 0/3
  1851 | D:2      | Reached skill level 1 in Armour
  2035 | D:2      | Reached XP level 4. HP: 30/34 MP: 0/4
  2156 | D:2      | Reached skill level 1 in Spellcasting
  3400 | D:3      | Gained mutation: You have a pair of small horns on your
                  | head. [demonic ancestry]
  3400 | D:3      | Reached XP level 5. HP: 39/39 MP: 3/6
  3534 | D:2      | Reached skill level 1 in Conjurations
  4161 | D:4      | Reached skill level 4 in Axes
  4167 | D:4      | Reached skill level 1 in Fire Magic
  4240 | D:4      | Noticed Grinder
  4244 | D:5      | Entered Level 5 of the Dungeon
  4390 | D:4      | Slain by Grinder

Illustrated notes

Levels and vault maps discovered:
D:1:      minmay_arrival_doors, layout_basic, shapermc_ecumenical_altar_ellora
D:2:      layout_loops_corners, minmay_liquid_box, minmay_pentomino_r4
D:3:      layout_rooms, serial_curves, eino_curves_03, eino_curves_01,
          minivault_25, minivault_27
D:4:      layout_basic, uniq_grinder
D:5:      layout_basic, okawaru_altar_gauntlet_db

Skill      XL: |  1  2  3  4  5 |
---------------+----------------+-----
Dodging        | 3 |  3.3
Axes           | 3 4 |  4.1
Armour         | 1 2 |  2.1
Spellcasting   | 1 |  1.4
Conjurations   | 1 |  1.1
Fire Magic     | 1 |  1.0
Fighting       | |  2.5
Throwing       | |  1.8
Stealth        | |  0.2

Action                   |  1- 3 |  4- 6 || total
-------------------------+-------+-------++-------
Melee: War axe           |    80 |   104 ||   184
       Punch             |       |     2 ||     2
       Headbutt          |       |    11 ||    11
Throw: Dart              |       |     3 ||     3
 Cast: Foxfire           |    15 |    29 ||    44
  Use: Potion            |     1 |     1 ||     2
       Scroll            |       |     9 ||     9
Armor: Leather armour    |    53 |    41 ||    94
Dodge: Dodged            |    86 |    95 ||   181

Table legend: (Time is in decaauts)
 A = Elapsed time spent in this place.
 B = Non-inter-level travel time spent in this place.
 C = Inter-level travel time spent in this place.
 D = Time resting spent in this place.
 E = Time spent auto-exploring this place.
 F = Levels seen in this place.
 G = Mean time per level.
                   A        B        C        D        E       F      G
               +--------+--------+--------+--------+--------+-----+--------+
         Total |   4443 |   4349 |     94 |    468 |   2765 |   5 |  888.6 |
       Dungeon |   4443 |   4349 |     94 |    468 |   2765 |   5 |  888.6 |
               +--------+--------+--------+--------+--------+-----+--------+

Top non-repeatable levels by time:
     D:2: 2109 daAuts
     D:1: 1170 daAuts
     D:3: 803 daAuts
     D:4: 250 daAuts
     D:5: 109 daAuts
